 Dungeon Crawl Stone Soup version 0.28.0-45-g0d030f2227 (webtiles) character file.

Game seed: 12915878882617417779

5560 sanboga the Cleaver (level 10, -6/97 HPs)
             Began as a Gargoyle Fighter on Apr 12, 2022.
             Was a Believer of Trog.
             Mangled by a yak (8 damage)
             ... on level 9 of the Dungeon.
             The game lasted 00:11:24 (9460 turns).

sanboga the Cleaver (Gargoyle Fighter)              Turns: 9460, Time: 00:11:25

Health: -6/97      AC: 23    Str: 24    XL:     10   Next: 71%
Magic:  10/10      EV: 11    Int:  9    God:    Trog [**....]
Gold:   529        SH:  6    Dex:  9    Spells: 9/9 levels left

rFire   . . .      SeeInvis .   a - +1 war axe
rCold   + . .      Faith    .   c - +1 buckler
rNeg    + . .      Spirit   .   h - +0 plate armour
rPois   ∞          Reflect  .   x - +0 helmet
rElec   +          Harm     .   n - +0 cloak
rCorr   .          Rampage  .   (no gloves)
Will    .....                   (no boots)
Stlth   ..........              o - amulet of the acrobat
HPRegen 0.26/turn               k - +4 ring of evasion
MPRegen 0.12/turn               i - ring of protection from cold

@: berserking (expiring), very quick
A: sickness immunity, AC +7, negative energy resistance 1, electricity
resistance, torment resistance 1, petrification resistance
a: Renounce Religion, Berserk, Trog's Hand


You were on level 9 of the Dungeon.
You worshipped Trog.
Trog was pleased with you.
You visited 2 branches of the dungeon, and saw 10 of its levels.

You collected 529 gold pieces.

Inventory:

Hand Weapons
 a - a +1 war axe (weapon)
 y - a +3 scimitar of flaming
Armour
 c - a +1 buckler (worn)
 h - a +0 plate armour (worn)
 n - a +0 cloak (worn)
 x - a +0 helmet (worn)
Jewellery
 i - a ring of protection from cold (right hand)
 k - a +4 ring of evasion (left hand)
 l - a ring of ice
 o - an amulet of the acrobat (around neck)
Wands
 q - a wand of flame (26)
Scrolls
 b - a scroll of noise {unknown}
 e - a scroll of teleportation
 f - 4 scrolls of enchant weapon
 g - a scroll of silence {unknown}
 m - a scroll of enchant armour
 p - 2 scrolls of blinking {unknown}
 t - a scroll of immolation {unknown}
 u - a scroll of amnesia {unknown}
 w - a scroll of fog
Potions
 d - 2 potions of might
 j - a potion of curing
 r - a potion of haste
 s - a potion of cancellation {unknown}


   Skills:
 + Level 8.4 Fighting
 * Level 9.3 Axes
 + Level 8.4 Armour
 + Level 8.4 Shields


You had 9 spell levels left.
You didn't know any spells.
Your spell library contained the following spells:

 Spells                   Type           Power      Damage    Failure   Level
 Blink                    Tloc           0%         N/A       100%        2
 Corpse Rot               Necr/Air       0%         N/A       100%        2
 Confusing Touch          Hex            0%         N/A       100%        3
 Dazzling Flash           Conj/Hex       0%         N/A       100%        3
 Dispel Undead            Necr           0%         3d6       100%        4
 Iskenderun's Mystic Bla  Conj/Tloc      0%         2d3       100%        4
 Manifold Assault         Tloc           0%         N/A       100%        5
 Yara's Violent Unravell  Hex/Tmut       0%         3d3       100%        5
 Death Channel            Necr           0%         N/A       100%        6
 Starburst                Conj/Fire      0%         6d3       100%        6
 Enfeeble                 Hex            0%         N/A       100%        7
 Storm Form               Tmut/Air       0%         N/A       100%        7


Dungeon Overview and Level Annotations

Branches:
Dungeon (9/15)             Temple (1/1) D:4             Orc (0/2) D:9
   Lair: D:8-11

Altars:
Ashenzari
Cheibriados
Fedhas
Gozag
Kikubaaqudgha
Makhleb
Nemelex Xobeh
Okawaru
Ru
Sif Muna
Trog
Uskayaw
Vehumet
Xom
Yredelemnul
Zin
The Shining One

Shops:
D:7 (

Annotations:
D:4 1 runed translucent door


Innate Abilities, Weirdness & Mutations

You are immune to sickness and miasma.
Your stone body is resilient. (AC +7)
You are immune to poison.
You resist negative energy. (rN+)
You are resistant to electric shocks. (rElec)
You are resistant to unholy torment.
You are immune to petrification.


Message History

You closely miss the wyvern. You barely miss the basilisk. You slash the yak!
You kill the yak!
Trog accepts your kill.
You closely miss the water moccasin.
The wyvern bites you but does no damage.
The kobold brigand throws a poisoned dart.
The poisoned dart hits you!
You hit the yak.
The yak is lightly wounded.
You barely miss the basilisk. You barely miss the wyvern.
You barely miss the yak. You miss the water moccasin.
The water moccasin bites you but does no damage.
You block the wyvern's attack. The yak gores you.
* * * LOW HITPOINT WARNING * * *
You block the basilisk's attack.
You slash the yak!
You kill the yak!
Trog accepts your kill.
You closely miss the wyvern. You closely miss the basilisk.
You barely miss the yak. You hit the water moccasin.
The water moccasin misses you. The wyvern misses you.
The yak gores you but does no damage. The basilisk bites you.
* * * LOW HITPOINT WARNING * * *
The water moccasin closely misses you. The wyvern bites you!
* * * LOW HITPOINT WARNING * * *
You barely miss the yak.
The yak is lightly wounded.
You barely miss the water moccasin. You hit the wyvern.
You barely miss the basilisk. The yak gores you!
* * * LOW HITPOINT WARNING * * *
The wyvern bites you but does no damage.
You block the water moccasin's attack.
The basilisk bites you but does no damage.
You slash the yak!
The yak is heavily wounded.
You closely miss the water moccasin. You completely miss the wyvern.
You closely miss the basilisk. You block the wyvern's attack.
The water moccasin bites you but does no damage.
The yak gores you!
You die...

.#..P.....PP
.......... ##
.......P##..
..... ...........
...... ..........
...... .K...>.#
...... ##Yl...#
......##S@l..##
..........†...#
..............###
.................
.................
...........>.....
.................
............##...
............# ###


You could see a yak, a basilisk, a water moccasin, a wyvern and a kobold
brigand.

Vanquished Creatures
  Erica (D:8)
  Pikel (D:8)
  A troll (D:9)
  2 wyverns (D:9)
  3 yaks (D:9)
  A wraith (D:9)
  3 steam dragons
  An acid dragon (D:8)
  2 water moccasins (D:9)
  The ghost of Antichthon the Skirmisher, an amateur NaFi of Sif Muna (D:4)
  2 black bears
  2 ice beasts
  2 sky beasts (D:5)
  A necrophage (D:5)
  2 ogres
  2 centaurs
  2 lemures (D:8)
  A kobold brigand (D:8)
  2 phantoms
  3 bullfrogs
  3 scorpions
  3 wyvern skeletons (D:6)
  A jelly (D:7)
  2 howler monkeys
  A crimson imp (D:4)
  A gnoll shaman (D:5)
  2 centaur skeletons
  3 orc priests
  A bullfrog skeleton (D:5)
  4 iguanas
  2 orc wizards
  A scorpion zombie (D:5)
  2 hound zombies (D:4)
  A howler monkey zombie (D:6)
  10 adders
  12 gnolls
  2 white imps
  3 adder zombies (D:4)
  7 worms
  5 dart slugs
  20 orcs
  5 ball pythons
  8 endoplasms
  2 giant cockroaches (D:1)
  5 goblins
  7 hobgoblins
  10 jackals
  9 kobolds
  6 quokkas
  7 bats
  4 rats
184 creatures vanquished.

Vanquished Creatures (others)
  2 fungi (D:9)
  5 plants (D:9)
  13 withered plants
20 creatures vanquished.

Grand Total: 204 creatures vanquished

Notes
Turn   | Place    | Note
-------+----------+-------------------------------------------
     0 | D:1      | sanboga the Gargoyle Fighter began the quest for the Orb.
     0 | D:1      | Reached XP level 1. HP: 14/14 MP: 1/1
    76 | D:1      | Reached skill level 2 in Axes
   176 | D:1      | Reached XP level 2. HP: 19/19 MP: 2/2
  1021 | D:2      | Reached XP level 3. HP: 23/23 MP: 3/3
  1560 | D:2      | Reached XP level 4. HP: 28/29 MP: 4/4
  2089 | D:3      | Found a faded altar of an unknown god.
  2103 | D:3      | Reached skill level 3 in Axes
  2124 | D:3      | Found a snail-covered altar of Cheibriados.
  2373 | D:3      | Reached XP level 5. HP: 14/33 MP: 5/5
  3266 | D:3      | Reached XP level 6. HP: 39/39 MP: 6/6
  3650 | D:4      | Found a runed translucent door.
  3654 | D:4      | Noticed Antichthon's ghost (amateur NaFi)
  3670 | D:4      | Killed Antichthon's ghost
  3671 | D:4      | Reached skill level 4 in Axes
  3680 | D:4      | Found a runed translucent door.
  3840 | D:4      | Found a staircase to the Ecumenical Temple.
  3860 | D:4      | Reached XP level 7. HP: 27/44 MP: 7/7
  4626 | D:5      | Entered Level 5 of the Dungeon
  4641 | D:5      | Reached skill level 5 in Fighting
  4641 | D:5      | Reached skill level 5 in Armour
  4641 | D:5      | Reached skill level 5 in Shields
  4646 | D:5      | Reached skill level 5 in Axes
  4792 | Temple   | Entered the Ecumenical Temple
  4861 | Temple   | Became a worshipper of Trog the Wrathful
  5047 | D:5      | Reached XP level 8. HP: 37/49 MP: 8/8
  5211 | D:5      | Found a hide-covered altar of Uskayaw.
  5578 | D:5      | Reached skill level 6 in Axes
  6014 | D:6      | Reached * piety under Trog
  6241 | D:6      | Reached XP level 9. HP: 51/56 MP: 9/9
  6573 | D:6      | Reached skill level 7 in Axes
  7902 | D:7      | Found a broken altar of Ashenzari.
  7929 | D:7      | Found Niom's Weapon Shop.
  8401 | D:8      | Noticed Erica
  8538 | D:8      | Reached skill level 8 in Axes
  8580 | D:8      | Killed Erica
  8581 | D:8      | Reached XP level 10. HP: 64/64 MP: 10/10
  8766 | D:8      | Reached ** piety under Trog
  8808 | D:8      | Found a sacrificial altar of Ru.
  8878 | D:8      | Noticed Pikel
  8890 | D:8      | Killed Pikel
  9421 | D:9      | Found a staircase to the Orcish Mines.
  9444 | D:9      | Reached skill level 9 in Axes
  9459 | D:9      | HP: 2/97 [yak (8)]
  9460 | D:9      | Mangled by a yak

Illustrated notes

Levels and vault maps discovered:
D:1:      minmay_arrival_five_plusses, layout_loops_corners, serial_rivers,
          chequers_serial_rivers_room_a, chequers_serial_rivers_micro_c,
          chequers_serial_rivers_micro_c, chequers_serial_rivers_room_b,
          chequers_serial_rivers_small_3, minivault_4,
          amcnicky_mini_rare_corridor_liquid
D:2:      minmay_chambers_of_twos, layout_basic
D:3:      layout_basic, kennysheep_slug_shrine,
          ebering_ecumenical_altar_petrified, hangedman_feature_mirror,
          minivault_23
D:4:      layout_loops_ring, minmay_temple_entry_offerings,
          cheibrodos_sewer_entry_bend, serial_undead, serial_undead_b,
          serial_undead_b, serial_undead_c, serial_undead_f,
          ebering_ghost_sewer_f, dk_vineyard_3, minmay_fire_ice_demons
D:5:      layout_basic, lemuel_doored_altar, chequers_serial_rivers_small_b,
          serial_bayou_crossing
D:6:      layout_gridville
D:7:      nicolae_cairo_tiling_very_big, layout_gridville,
          nicolae_ashenzari_skybound, serial_shops,
          nicolae_shop_advertising_works [nicolae_subvault_shop_adworks]
D:8:      layout_basic, mainiacjoe_overflow_chevrons, grunt_ministairs_1,
          nrook_mini_backslash, chequers_serial_rivers_room_b,
          chequers_serial_rivers_room_a, small_statue_intersection, uniq_pikel,
          uniq_erica
D:9:      layout_layer_cave, lemuel_coloured_pillars_altar, old_standard_altar,
          minmay_lair_entry_grove, orc_0_dummy, hangedman_decor_opposing
Temple:   dshaligram_water_room_temple

Skill      XL: |  1  2  3  4  5  6  7  8  9 10 |
---------------+-------------------------------+-----
Axes           | 2 3 4 5 6 8 9 |  9.3
Armour         | 4 5 6 7 8 |  8.4
Fighting       | 4 5 6 7 8 |  8.4
Shields        | 4 5 6 7 8 |  8.4

Action                   |  1- 3 |  4- 6 |  7- 9 | 10-12 || total
-------------------------+-------+-------+-------+-------++-------
Melee: War axe           |    79 |   203 |   355 |    99 ||   736
Invok: Berserk           |       |       |     1 |     2 ||     3
  Use: Scroll            |       |     4 |     6 |     2 ||    12
       Potion            |       |       |     5 |       ||     5
Armor: Scale mail        |    57 |    85 |    96 |       ||   238
       Skin              |       |       |    43 |       ||    43
       Plate armour      |       |       |   128 |    79 ||   207
Dodge: Dodged            |    37 |   154 |   210 |    71 ||   472
Block: Buckler           |    20 |    50 |    92 |    55 ||   217
